 Dungeon Crawl Stone Soup version 0.29.1-15-g9cfb28693d (webtiles) character file.

Game seed: 1890082704233480150

34 domi the Digger (level 3, -2/26 HPs)
             Began as a Meteoran Earth Elementalist on Apr 3, 2023.
             Slain by a goblin
             ... wielding a +0 club
             ... led by Robin
              (3 damage)
             ... on level 2 of the Dungeon.
             The game lasted 00:02:01 (151 turns).

domi the Digger (Meteoran Earth Elementalist)        Turns: 151, Time: 00:02:02

Health: -2/26      AC:  2    Str:  6 (8)  XL:     3   Next: 73%
Magic:  1/8        EV: 12    Int: 15 (18) God:
Gold:   21         SH:  4    Dex: 15 (18) Spells: 0/7 levels left

rFire   . . .      SeeInvis .   (no weapon)
rCold   . . .      Faith    .   (no shield)
rNeg    . . .      Spirit   .   a - +0 robe
rPois   +          Reflect  .   (no helmet)
rElec   .          Harm     .   (no cloak)
rCorr   .          Rampage  .   (no gloves)
Will    .....                   (no boots)
Stlth   +.........              (no amulet)
HPRegen 0.08/turn               g - ring "Bilibb" {Wiz rPois}
MPRegen 0.11/turn               (no ring)

@: glowing
A: sense surroundings 1, otherworldly, glowing, explore regen, large bone plates
1, agile 1
a: no special abilities


You were on level 2 of the Dungeon.
You visited 1 branch of the dungeon, and saw 2 of its levels.

You collected 21 gold pieces.

Inventory:

Armour
 a - a +0 robe (worn)
Jewellery
 g - the ring "Bilibb" (left hand) {Wiz rPois}
   (You found it on level 2 of the Dungeon)

   [ring of wizardry]

   It improves your spell success rate.
   rPois:     It protects you from poison.
Scrolls
 d - 3 scrolls of poison {unknown}
 f - a scroll of fear {unknown}
Potions
 b - a potion of magic


   Skills:
 - Level 2.4 Dodging
 - Level 1.4 Stealth
 - Level 2.6 Spellcasting
 - Level 1.2 Transmutations
 + Level 5.2 Earth Magic


You couldn't memorise any spells.
You knew the following spells:

 Your Spells              Type           Power      Damage    Failure   Level
x - Stone Arrow           Conj/Erth      18%        3d8       9%          3
y - Necrotise             Necr           8%         1d4       9%          1
z - Sandblast             Erth           34%        2d9       1%          1
N - Passwall              Tmut/Erth      9%         N/A       3%          2

Your spell library contained the following spells:

 Spells                   Type           Power      Damage    Failure   Level
 Apportation              Tloc           4%         N/A       9%          1
 Summon Small Mammal      Summ           8%         N/A       9%          1
 Petrify                  Tmut/Erth      11%        N/A       22%         4


Dungeon Overview and Level Annotations

Branches:
Dungeon (2/15) Zot: 1038

Altars:
Cheibriados

Annotations:
D:2 Robin


Innate Abilities, Weirdness & Mutations

You passively map a small area around you.
You are easily found by Zot.
You glow in the dark.
You regain HP and MP as you explore.
You are partially covered in large bone plates. (SH +4)
You are agile. (Dex +4, Str/Int -1)


Message History

Aim: a giant cockroach (83% to hit)
The blast of sand hits the giant cockroach!
You kill the giant cockroach!
Memorise Necrotise, consuming 1 spell level and leaving 0?
You start memorising the spell.
You continue memorising.
You finish memorising.
Spell assigned to 'y'.
Found a stone staircase leading up.
Found a stone staircase leading down. 2 goblins, a kobold and a bat come into view.
The bat hits you.
Aim: a bat (chance to affect: 58%)
The bat writhes in agony.
The bat misses you.
Aim: a bat (moderately wounded, chance to affect: 58%)
Okay, then.
Aim: a bat (moderately wounded, 74% to hit)
The blast of sand hits the bat!
You kill the bat!
The kobold hits you with a +0 short sword.
Aim: a kobold, wielding a +0 short sword (chance to affect: 58%)
The kobold resists with significant effort.
The kobold hits you but does no damage.
Aim: a kobold, wielding a +0 short sword (79% to hit)
The blast of sand hits the kobold!
You kill the kobold!
The goblin hits you but does no damage. The goblin hits you with a +0 dagger.
Aim: a goblin, wielding a +0 dagger (chance to affect: 58%)
The goblin writhes in agony.
The goblin closely misses you. The goblin misses you.
Aim: a goblin, wielding a +0 dagger (heavily wounded, 79% to hit)
The blast of sand hits the goblin!
You kill the goblin!
The goblin hits you with a +0 club.
Unknown command.
Aim: a goblin, wielding a +0 club (chance to affect: 58%)
The goblin writhes in agony.
The goblin barely misses you.
Aim: a goblin, wielding a +0 club (severely wounded, chance to affect: 58%)
The goblin writhes in agony.
You kill the goblin!
The dead are walking!
A goblin comes into view. It is wielding a +0 club.
You see here a +0 club.
Robin and a goblin come into view.
The goblin is wielding a +2 dagger of speed.
Robin shouts!
You hear a shout!
A hobgoblin comes into view.
A goblin comes into view. It is wielding a +0 club.
A goblin comes into view. It is wielding a +0 dagger.
A goblin comes into view. It is wielding a +0 club.
Robin roars a battlecry!
The goblins go into a battle-frenzy!
The goblin shouts! 2 goblins and an endoplasm come into view.
Found a snail-covered altar of Cheibriados.
The goblin shouts! x3; You hear a shout!
Robin throws the goblin at you!
A kobold comes into view. It is wielding a +0 short sword.
The goblin hits you with a +0 dagger.
Okay, then.
Aim: a goblin, wielding a +0 dagger (strong, chance to affect: 58%)
The goblin writhes in agony.
You kill the goblin!
The dead are walking!
Robin throws the goblin at you! The goblin hits you with a +0 dagger.
The goblin hits your goblin skeleton with a +0 club.
Your goblin skeleton closely misses the goblin.
You hit the goblin. The goblin closely misses you.
The goblin hits your goblin skeleton with a +0 club.
Your goblin skeleton is destroyed!
The endoplasm hits you.
Your goblin skeleton hits the goblin.
The goblin hits you with a +0 dagger.
You see here a +0 dagger.
Aim: a goblin, wielding a +0 dagger (severely wounded, strong, chance to affect: 58%)
The goblin resists with significant effort.
Your goblin skeleton misses the goblin.
The goblin hits you with a +0 dagger.
* * * LOW HITPOINT WARNING * * *
The endoplasm hits you but does no damage.
You swap places.
The goblin hits you with a +0 dagger.
* * * LOW HITPOINT WARNING * * *
The endoplasm hits your goblin skeleton.
The goblin closely misses your goblin skeleton.
Your goblin skeleton hits the goblin.
You see here a +0 club.
The endoplasm hits your goblin skeleton.
The goblin hits your goblin skeleton with a +0 club.
The goblin barely misses your goblin skeleton.
Your goblin skeleton barely misses the goblin.
It was a potion of mutation.
You feel extremely strange.
Large bone plates grow over parts of your arms.
You feel agile.
The goblin hits your goblin skeleton with a +2 dagger of speed.
Your goblin skeleton is destroyed!
The goblin misses you.
It was a potion of degeneration.
There was something very wrong with that liquid.
You feel weakened.
You feel dopey.
You feel clumsy. The goblin misses you. Robin throws the goblin at you!
The goblin hits you with a +0 club.
You die...

...# * # *#..# #.###..# *
###......#######
...............# *
.....##... ...#* # *
#......####..##<# *
#>...g..........##+#*,
####.@#####..##.# ..##
#Jg# ###.....+.♣...
#.g###.......# ....
#ggg.........# ...
......g..K.........# #.
_......g......†....# ## *
...................# ###†
............####...###..)
, #.....?..####
#...#.....


You could see Robin, an endoplasm, a hobgoblin (strong), 6 goblins and a kobold.

Vanquished Creatures
  An adder (D:2)
  A dart slug (D:2)
  A bat (D:2)
  2 giant cockroaches
  4 goblins
  2 hobgoblins (D:1)
  A quokka (D:2)
  3 ball pythons (D:2)
  3 kobolds
  2 rats
20 creatures vanquished.

Notes
Turn   | Place    | Note
-------+----------+-------------------------------------------
     0 | D:1      | domi the Meteoran Earth Elementalist began the quest for
                  | the Orb.
     0 | D:1      | Reached XP level 1. HP: 14/14 MP: 5/5
    44 | D:1      | Reached skill level 4 in Earth Magic
    46 | D:1      | Reached XP level 2. HP: 20/20 MP: 3/6
    91 | D:2      | Reached XP level 3. HP: 21/26 MP: 2/8
    93 | D:2      | Reached skill level 5 in Earth Magic
   107 | D:2      | Identified the ring "Bilibb" {Wiz rPois}
   114 | D:2      | Learned a level 3 spell: Stone Arrow
   117 | D:2      | Learned a level 2 spell: Passwall
   120 | D:2      | Learned a level 1 spell: Necrotise
   142 | D:2      | Noticed Robin
   143 | D:2      | Found a snail-covered altar of Cheibriados.
   147 | D:2      | HP: 6/26 [goblin/+0 dagger[Robin] (3)]
   148 | D:2      | HP: 1/26 [goblin/+0 dagger[Robin] (6)]
   150 | D:2      | Gained mutation: You are partially covered in large bone
                  | plates. (SH +4) [potion of mutation]
   150 | D:2      | Gained mutation: You are agile. (Dex +4, Str/Int -1)
                  | [potion of mutation]
   151 | D:2      | Slain by a goblin

Illustrated notes

Levels and vault maps discovered:
D:1:      nicolae_arrival_washed_ashore, layout_rooms
D:2:      layout_basic, basic_altar, grunt_ministairs_13, hex_intersection,
          chequers_serial_rivers_small_3, uniq_robin, uniq_crazy_yiuf_cottage,
          uniq_jessica

Skill      XL: |  1  2  3 |
---------------+----------+-----
Earth Magic    | 4 5 |  5.2
Dodging        | |  2.4
Stealth        | |  1.4
Spellcasting   | |  2.6
Transmutations | |  1.2

Action                   || total
-------------------------++-------
Melee: Unarmed           ||     1
 Cast: Sandblast         ||    21
       Necrotise         ||     7
  Use: Potion            ||     2
Armor: Robe              ||     6
Dodge: Dodged            ||    14

Table legend: (Time is in decaauts)
 A = Elapsed time spent in this place.
 B = Non-inter-level travel time spent in this place.
 C = Inter-level travel time spent in this place.
 D = Time resting spent in this place.
 E = Time spent auto-exploring this place.
 F = Levels seen in this place.
 G = Mean time per level.
                   A        B        C        D        E       F      G
               +--------+--------+--------+--------+--------+-----+--------+
         Total |    160 |    160 |      0 |      0 |      0 |   2 |   80.0 |
       Dungeon |    160 |    160 |      0 |      0 |      0 |   2 |   80.0 |
               +--------+--------+--------+--------+--------+-----+--------+

Top non-repeatable levels by time:
     D:2: 98 daAuts
     D:1: 62 daAuts

Table legend:
 A = Kills in this place as a percentage of kills in entire the game.
 B = Kills by you in this place as a percentage of kills by you in the entire game.
 C = Kills by friends in this place as a percentage of kills by friends in the entire game.
 D = Other kills in this place as a percentage of other kills in the entire game.
 E = Experience gained in this place as a percentage of experience gained in the entire game.
 F = Experience gained in this place divided by the number of levels of this place that you have seen.
                   A       B       C       D       E      F
               +-------+-------+-------+-------+-------+----------------------
         Total | 100.0 | 100.0 |   N/A |   N/A | 100.0 |  24.5
       Dungeon | 100.0 | 100.0 |   N/A |   N/A | 100.0 |  24.5
               +-------+-------+-------+-------+-------+----------------------
